 Dungeon Crawl Stone Soup version 0.30-a0-719-gcc4359ea44 (webtiles) character file.

Game seed: 188124988509818156

370530 DeathSun the Slayer (level 21, -4/176 (221) HPs)
             Began as a Minotaur Fighter on Jan 26, 2023.
             Was the Champion of Qazlal.
             Slain by Grunn
             ... wielding a +5 glaive of draining
              (9 damage)
             ... on level 4 of the Depths.
             The game lasted 01:55:05 (49130 turns).

DeathSun the Slayer (Minotaur Fighter)             Turns: 49130, Time: 01:55:05

HP:   -4/176 (221)  AC: 40    Str: 31    XL:     21   Next: 68%
MP:   34/34         EV: 13    Int:  7    God:    Qazlal [******]
Gold: 2161          SH:  8    Dex: 11    Spells: 20/20 levels left

rFire   + . .      SeeInvis +    a - +7 glaive (heavy)
rCold   + . .      Faith    +    (shield currently unavailable)
rNeg    . . .      Spirit   .    f - +15 Maxwell's patent armour {-Cast -Tele rElec Will+ rCorr}
rPois   .          Reflect  .    (helmet restricted)
rElec   +          Harm     .    e - scarf {rC+ rF+}
rCorr   +          Rampage  .    W - +3 pair of gloves of Lifelessness {rElec rCorr Int+2}
Will    ++++.      NoTele   +    J - +0 pair of boots {Stlth+} Stlth NoCast +
                                 d - amulet "Agrujos" {Faith Will+}
HPRegen 0.49/turn                l - ring of willpower
MPRegen 0.24/turn                U - ring of see invisible

@: protected from physical damage, doom-hounded, slowed, studying 3 skills,
heavily drained, repel missiles, very slow
A: horns 2, retaliatory headbutt
}: 2/15 runes: barnacled, gossamer
a: Renounce Religion, Upheaval, Elemental Force, Disaster Area


You were on level 4 of the Depths.
You worshipped Qazlal.
Qazlal was exalted by your worship.
You visited 8 branches of the dungeon, and saw 38 of its levels.
You also visited: Sewer.

You collected 5823 gold pieces.
You spent 3662 gold pieces at shops.

Inventory:

Hand Weapons
 a - a +7 heavy glaive (weapon)
Missiles
 q - 89 poisoned darts (quivered)
 v - 2 throwing nets
Armour
 e - a scarf of resistance (worn)
 f - the +15 Maxwell's patent armour (worn) {-Cast -Tele rElec Will+ rCorr}
   (You found it on level 5 of the Lair of Beasts)

   rElec:     It insulates you from electricity.
   -Cast:     It prevents spellcasting.
   -Tele:     It prevents most forms of teleportation.
   rCorr:     It protects you from acid and corrosion.
   Will:      It increases your willpower.
 J - a +0 pair of boots of stealth (worn)
 W - the +3 pair of gloves of Lifelessness (worn) {rElec rCorr Int+2}
   (You acquired it on level 3 of the Elven Halls)

   Int:       It affects your intelligence (+2).
   rElec:     It insulates you from electricity.
   rCorr:     It protects you from acid and corrosion.
 Z - +3 gold dragon scales
Jewellery
 d - the amulet "Agrujos" (around neck) {Faith Will+}
   (You acquired it on level 15 of the Dungeon)

   [amulet of faith]

   It allows you to gain divine favour quickly.
   Will:      It increases your willpower.
 k - a ring of resist corrosion
 l - a ring of willpower (left hand)
 u - a +5 ring of evasion
 R - a +6 ring of strength
 U - a ring of see invisible (right hand)
Wands
 c - a wand of polymorph (10)
 i - a wand of digging (10)
 w - a wand of mindburst (4)
 D - a wand of flame (157)
 L - a wand of acid (9)
 P - a wand of iceblast (27)
 T - a wand of paralysis (17)
Scrolls
 g - 6 scrolls of vulnerability
 m - 3 scrolls of fog
 o - 25 scrolls of teleportation
 p - 13 scrolls of immolation
 r - 9 scrolls of magic mapping
 s - 13 scrolls of blinking
 y - a scroll of butterflies
 F - 5 scrolls of fear
 K - 2 scrolls of silence
 O - 4 scrolls of torment
 Q - a scroll of brand weapon
 V - a scroll of poison
Potions
 j - 6 potions of haste
 n - 6 potions of attraction
 t - 7 potions of brilliance
 x - 18 potions of curing
 z - 3 potions of cancellation
 A - 3 potions of flight
 B - 8 potions of invisibility
 C - 2 potions of magic
 E - 7 potions of mutation
 I - 11 potions of ambrosia
 M - 6 potions of might
 N - 2 potions of berserk rage
 X - 5 potions of resistance
Miscellaneous
 b - a box of beasts
 h - a condenser vane
 H - a tin of tremorstones (2/2)
 Y - a phantom mirror


   Skills:
 * Level 26.0 Fighting
 - Level 20.0 Polearms
 - Level 6.0 Throwing
 + Level 14.5 Armour
 - Level 14.0 Dodging
 - Level 3.6 Shields
 * Level 21.8 Invocations
 - Level 10.0 Evocations


You had 20 spell levels left.
You didn't know any spells.
Your spell library contained the following spells:

 Spells                   Type           Power      Damage    Failure   Level
 Apportation              Tloc           0%         N/A       94%         1
 Freeze                   Ice            0%         1d3       94%         1
 Kiss of Death            Conj/Necr      0%         2d5       94%         1
 Magic Dart               Conj           0%         1d3       94%         1
 Necrotise                Necr           0%         1d4       94%         1
 Shock                    Conj/Air       0%         1d3       94%         1
 Slow                     Hex            0%         N/A       94%         1
 Blink                    Tloc           0%         N/A       98%         2
 Ensorcelled Hibernation  Hex/Ice        0%         N/A       98%         2
 Lesser Beckoning         Tloc           0%         N/A       98%         2
 Searing Ray              Conj           0%         2d4       98%         2
 Static Discharge         Conj/Air       0%         2-2/arc   98%         2
 Call Canine Familiar     Summ           0%         N/A       100%        3
 Dazzling Flash           Conj/Hex       0%         N/A       100%        3
 Frozen Ramparts          Ice            0%         1d1       100%        3
 Gell's Gravitas          Tloc           0%         N/A       100%        3
 Hailstorm                Conj/Ice       0%         3d3       100%        3
 Ignite Poison            Fire/Tmut/Pois 0%         N/A       100%        3
 Inner Flame              Hex/Fire       0%         N/A       100%        3
 Kindle Blastsparks       Fire/Tloc/Air  0%         2d10      100%        3
 Portal Projectile        Hex/Tloc       0%         N/A       100%        3
 Spider Form              Tmut/Pois      0%         N/A       100%        3
 Summon Guardian Golem    Hex/Summ       0%         N/A       100%        3
 Swiftness                Air            0%         N/A       100%        3
 Teleport Other           Tloc           0%         N/A       100%        3
 Tukima's Dance           Hex            0%         N/A       100%        3
 Vampiric Draining        Necr           0%         2d6       100%        3
 Vhi's Electric Charge    Tloc/Air       0%         N/A       100%        3
 Airstrike                Air            0%         2d(0-16)  100%        4
 Anguish                  Hex/Necr       0%         N/A       100%        4
 Flame Wave               Conj/Fire      0%         2d4       100%        4
 Fulminant Prism          Conj/Hex       0%         3d5       100%        4
 Ice Form                 Ice/Tmut       0%         N/A       100%        4
 Iskenderun's Mystic Bla  Conj/Tloc      0%         2d3       100%        4
 Leda's Liquefaction      Hex/Erth       0%         N/A       100%        4
 Manifold Assault         Tloc           0%         N/A       100%        4
 Olgreb's Toxic Radiance  Pois           0%         N/A       100%        4
 Passage of Golubria      Tloc           0%         N/A       100%        4
 Petrify                  Tmut/Erth      0%         N/A       100%        4
 Sticky Flame             Conj/Fire      0%         2d3       100%        4
 Summon Ice Beast         Ice/Summ       0%         N/A       100%        4
 Summon Lightning Spire   Summ/Air       0%         N/A       100%        4
 Agony                    Necr           0%         N/A       100%        5
 Alistair's Intoxication  Tmut/Pois      0%         N/A       100%        5
 Arcjolt                  Conj/Air       0%         1d10      100%        5
 Blade Hands              Tmut           0%         N/A       100%        5
 Irradiate                Conj/Tmut      0%         3d11      100%        5
 Lee's Rapid Deconstruct  Erth           0%         3d4*      100%        5
 Lightning Bolt           Conj/Air       0%         1d11      100%        5
 Metabolic Englaciation   Hex/Ice        0%         N/A       100%        5
 Silence                  Hex/Air        0%         N/A       100%        5
 Yara's Violent Unravell  Hex/Tmut       0%         3d3       100%        5
 Dispersal                Tloc           0%         N/A       100%        6
 Simulacrum               Ice/Necr       0%         N/A       100%        6
 Starburst                Conj/Fire      0%         6d3       100%        6
 Statue Form              Tmut/Erth      0%         N/A       100%        6
 Dragon Form              Tmut           0%         N/A       100%        7
 Enfeeble                 Hex            0%         N/A       100%        7
 Orb of Destruction       Conj           0%         9d5       100%        7
 Ozocubu's Refrigeration  Ice            0%         4d7       100%        7
 Spellforged Servitor     Conj/Summ      0%         N/A       100%        7
 Storm Form               Tmut/Air       0%         N/A       100%        7
 Ignition                 Fire           0%         3d3       100%        8
 Chain Lightning          Conj/Air       0%         N/A       100%        9
 Fire Storm               Conj/Fire      0%         5d1       100%        9
 Shatter                  Erth           0%         3d5*      100%        9


Dungeon Overview and Level Annotations

Branches:
Dungeon (15/15)            Temple (1/1) D:4            Lair (5/5) D:9
 Shoals (4/4) Lair:2       Spider (4/4) Lair:2          Orc (2/2) D:9
    Elf (3/3) Orc:2        Vaults (0/5) D:14         Depths (4/4) D:15
    Zot (0/5) Depths:4      Sewer (visited)
  Slime: Lair:4-5

Altars:
Ashenzari
Cheibriados
Dithmenos
Elyvilon
Fedhas
Gozag
Hepliaklqana
Kikubaaqudgha
Makhleb
Nemelex Xobeh
Okawaru
Qazlal
Ru
Sif Muna
Trog
Uskayaw
Vehumet
Wu Jian
Xom
Yredelemnul
Zin
The Shining One
Jiyva
Lugonu

Shops:
D:7 =[   D:9 [   D:10 [   Orc:2 (=[[   Elf:1 :   Shoals:3 ?   Depths:1 =:=

Portals:
Hell: Depths:1 Depths:2 Depths:3 Depths:4
Abyss: Depths:3
Pandemonium: Depths:2
Ziggurat: Depths:2
Trove: Depths:4 (give 19 potions of curing)

Annotations:
D:8 2 runed translucent doors, M4edhros's ghost, novice OpAr
D:12 3 runed translucent doors
Lair:4 exclusion: oklob plant
Depths:4 Grunn


Innate Abilities, Weirdness & Mutations

You have a pair of horns on your head.
You reflexively headbutt those who attack you in melee.


Message History

You barely miss the Tzitzimitl. The Tzitzimitl engulfs you!
The Tzitzimitl closely misses you.
Grunn is engulfed in freezing vapours.
You block Grunn's attack.
A tormentor comes into view.
The Tzitzimitl barely misses you.
The Tzitzimitl bites you but does no damage.
Grunn is engulfed in freezing vapours.
Grunn hits you from afar with a +5 glaive of draining!
You feel drained.
You chop the Tzitzimitl into pieces!!!
The Tzitzimitl is heavily wounded.
The tormentor hits you but does no damage. x2
The tormentor misses you.
The tormentor hits you but does no damage.
Grunn is engulfed in freezing vapours.
Grunn closely misses you. The Tzitzimitl gestures at you.
The bolt of negative energy hits you!!!
You feel drained.
You are too injured to fight recklessly!
You are too injured to fight recklessly!
You are too injured to fight recklessly!
You are too injured to fight recklessly!
You barely miss the Tzitzimitl. You headbutt the Tzitzimitl.
The Tzitzimitl is heavily wounded.
The Tzitzimitl engulfs you but does no damage.
The Tzitzimitl bites you but does no damage.
Grunn is engulfed in freezing vapours.
Grunn hits you from afar with a +5 glaive of draining!!
You feel protected from physical attacks.
You feel drained.
The tormentor calls on the powers of darkness!
Your body is wracked with pain!
* * * LOW HITPOINT WARNING * * *
A reaper comes into view. It is wielding a +2 scythe of flaming.
The Tzitzimitl engulfs you but does no damage.
The Tzitzimitl bites you but does no damage.
Grunn is engulfed in freezing vapours.
Grunn hits you from afar with a +5 glaive of draining!!
* * * LOW HITPOINT WARNING * * *
You feel drained.
You die...

.#....8....#...##.[#.........###.
.####...####...#####..≈§≈≈≈..'...
#...#####...#..# #..≈≈##≈..#.#.
.............#.# #..≈≈##≈..#.#.
...^.###......## +..≈≈≈≈≈..#.#.
####.....###### #.........#.#.
####### ####+######.#.
#########.### #.#.
#2@1........####.#.
#2#######.....##.#. #2g
###........ #.. #.#.##.## #..
#.#.##.# #.. ..#.##.# #..
####.##.# #.. #.##.# ..##.##


You could see Grunn, a Tzitzimitl, a reaper and 2 tormentors.

Vanquished Creatures
  3 shard shrikes (Depths:4)
  2 golden dragons (Depths:3)
  3 doom hounds (Depths:4)
  2 hellephants
  2 liches
  A tentacled monstrosity (Depths:3)
  2 deep elf blademasters
  A titan (Depths:4)
  4 deep elf master archers (Elf:3)
  3 shadow dragons
  4 sphinxes
  A tengu reaver (D:15)
  Kirke (D:11)
  Donald (Orc:2)
  5 emperor scorpions
  2 storm dragons (Depths:4)
  4 frost giants
  8 fire giants
  2 ghost moths (Spider:4)
  7 deep elf sorcerers
  Aizul (Spider:2)
  A balrug (Depths:4)
  A draconian stormcaller (Depths:4)
  A broodmother (Spider:2)
  2 orc warlords
  19 very ugly things
  2 draconian shifters (Depths:4)
  4 iron dragons
  The ghost of Nuhaok the Imperceptible, an adept VSBr of Uskayaw (D:15)
  2 deep elf elementalists (Elf:3)
  2 green draconians (Depths:4)
  3 stone giants
  A reaper (Depths:4)
  The ghost of xsansara the Devastator, a journeyman DrCj of Vehumet (D:14)
  2 purple draconians (Depths:4)
  2 deep elf demonologists (Elf:3)
  A vampire knight (Depths:3)
  8 deep elf annihilators (Elf:3)
  15 spark wasps
  8 fire dragons
  Snorg (D:12)
  7 ettins
  6 merfolk impalers
  7 deep elf death magi
  2 blizzard demons
  5 merfolk javelineers
  5 entropy weavers
  3 deep elf high priests
  Josephine (Lair:4)
  3 vault guards (D:14)
  11 ice dragons
  A rakshasa (Depths:3)
  4 catoblepae
  4 spriggan air magi
  7 hydras
  5 radroaches
  3 merfolk avatars
  2 alligator snapping turtles (Shoals:3)
  3 boulder beetles
  A spriggan skeleton (Depths:2)
  21 two-headed ogres
  5 ogre magi
  4 jorogumos
  A jorogumo (shapeshifter) (Elf:3)
  3 centaur warriors
  3 merfolk aquamancers
  6 satyrs (Shoals:4)
  7 deep troll earth magi
  7 deep troll shamans
  17 death yaks
  4 tengu warriors
  26 dancing weapons
  A vampire mage (Depths:1)
  7 spriggan berserkers
  11 hell hogs
  3 hell knights (Depths:2)
  A titan skeleton (Depths:2)
  12 deep elf knights
  6 skeletal warriors (D:12)
  7 pharaoh ants
  6 iron trolls
  3 sun moths
  15 sea snakes
  13 deep trolls
  A glowing orange brain (Depths:3)
  4 flayed ghosts
  5 steelbarb worms
  A deep troll (shapeshifter) (Depths:3)
  4 bog bodies (Shoals:1)
  9 deep elf archers
  A lindwurm (Lair:5)
  6 necromancers
  A spriggan simulacrum (Depths:1)
  5 orb spiders
  26 deep elf pyromancers
  3 wizards
  19 harpies
  6 orc sorcerers
  2 orc knights
  17 wolf spiders
  27 ugly things
  26 deep elf zephyrmancers
  15 manticores
  15 fauns
  6 cyclopes
  4 moths of wrath
  19 elephants
  A frost giant skeleton (Depths:2)
  4 merfolk sirens
  6 water nymphs
  4 demonic crawlers
  4 black mambas
  4 gargoyles
  A rust devil (Depths:2)
  3 torpor snails
  7 cane toads
  A cane toad (shapeshifter) (D:13)
  An unseen horror (D:13)
  A storm dragon simulacrum (Depths:1)
  6 rime drakes
  2 kobold demonologists
  8 komodo dragons
  An unseen horror (shapeshifter) (D:14)
  A yaktaur (D:10)
  4 tengu conjurers
  2 ice devils (D:15)
  27 merfolk
  A queen bee (shapeshifter) (Elf:2)
  3 polar bears
  A wind drake (shapeshifter) (D:13)
  7 trolls
  A wolf spider simulacrum (D:15)
  7 wind drakes
  9 hornets
  33 tarantellas
  15 snapping turtles
  7 dream sheep (Lair:5)
  29 blink frogs
  8 slime creatures
  38 jumping spiders
  Sigmund (D:3)
  30 yaks
  27 culicivoras
  4 spriggans
  5 wraiths
  6 centaur simulacra (D:15)
  5 water elementals
  4 wyverns
  A steam dragon (D:10)
  A hog (D:11)
  9 humans (D:14)
  2 fire elementals (Elf:3)
  58 redbacks
  9 vampire mosquitoes
  4 wargs
  2 acid dragons
  10 water moccasins
  An ice beast (D:6)
  A meliai simulacrum (D:15)
  A black bear (shapeshifter) (Elf:3)
  16 orc warriors
  3 ettin simulacra (Depths:2)
  5 sky beasts
  2 black bears
  18 wolves
  31 ogres
  7 centaurs
  A phantom (D:5)
  5 kobold brigands
  2 gnoll sergeants
  9 bullfrogs
  2 earth elementals
  2 scorpions
  5 wights (D:7)
  29 killer bees
  An electric eel (D:14)
  4 howler monkeys
  3 hounds
  15 orc priests
  A jelly (D:6)
  A gnoll bouda (D:6)
  6 iguanas
  7 hell rats
  21 orc wizards
  14 gnolls
  4 river rats (Sewer)
  13 adders
  A white imp (D:8)
  An ufetubus (D:5)
  2 worms
  4 dart slugs
  55 orcs
  7 bats
  7 endoplasms
  5 giant cockroaches
  7 goblins
  10 hobgoblins
  3 quokkas
  20 ball pythons
  7 frilled lizards
  12 kobolds
  32 rats
  3 fire vortices (Depths:4)
1458 creatures vanquished.

Vanquished Creatures (collateral kills)
  Polyphemus (Shoals:2)
  A deep elf high priest (Elf:3)
  2 jorogumos (Spider:4)
  An ice dragon (Depths:1)
  An ogre mage (Orc:2)
  A radroach (Spider:2)
  A catoblepas (Shoals:2)
  3 death yaks (Shoals:2)
  A deep troll shaman (Depths:3)
  2 orb spiders (Spider:4)
  A golden dragon zombie (Depths:1)
  2 harpies (Shoals:4)
  An orc knight (Orc:2)
  A necromancer (Depths:1)
  3 manticores (Shoals:4)
  An ugly thing (Depths:3)
  A demonic crawler (Spider:2)
  A wind drake (Shoals:3)
  A snapping turtle (Shoals:4)
  An ettin skeleton (Depths:1)
  A warg (Orc:2)
  3 orc warriors
  3 ogres (Orc:2)
  3 orcs (Orc:2)
37 creatures vanquished.

Vanquished Creatures (others)
  A frost giant (Depths:2)
  The ghost of voshxx the Geomancer, a journeyman GrEE of Sif Muna (D:12)
  A merfolk avatar (Shoals:4)
  A deep elf knight (Elf:2)
  A deep elf pyromancer (D:11)
  A human (D:12)
  A human simulacrum (Depths:2)
  4 orcs
  A quokka (D:11)
  A fire vortex (Depths:4)
  16 fungi
  208 plants
  3 toadstools (D:3)
240 creatures vanquished.

Grand Total: 1735 creatures vanquished

Notes
Turn   | Place    | Note
-------+----------+-------------------------------------------
     0 | D:1      | DeathSun the Minotaur Fighter began the quest for the Orb.
     0 | D:1      | Reached XP level 1. HP: 19/19 MP: 0/0
    98 | D:1      | Reached XP level 2. HP: 20/26 MP: 1/1
   535 | D:1      | Reached XP level 3. HP: 31/31 MP: 2/2
  1030 | D:2      | Identified the +5 trident of Cyjy {vamp, rPois rCorr}
  1247 | D:2      | Reached skill level 5 in Polearms
  1301 | D:2      | Reached skill level 1 in Throwing
  1301 | D:2      | Reached XP level 4. HP: 39/39 MP: 3/3
  1623 | D:3      | Noticed Sigmund
  1859 | D:3      | Killed Sigmund
  1860 | D:3      | Reached XP level 5. HP: 21/45 MP: 4/4
  2006 | D:3      | Identified the +3 dagger "Waurei" {heavy, rF+ Str-3 Int+5
                  | Dex+4}
  2152 | D:3      | Reached XP level 6. HP: 51/51 MP: 5/5
  2539 | D:4      | Found a staircase to the Ecumenical Temple.
  2563 | Temple   | Entered the Ecumenical Temple
  2777 | Temple   | Became a worshipper of Qazlal Stormbringer
  3036 | D:4      | Reached skill level 4 in Fighting
  3383 | D:5      | Entered Level 5 of the Dungeon
  3393 | D:5      | Found a glowing drain.
  3399 | D:5      | Reached XP level 7. HP: 57/60 MP: 6/6
  3412 | Sewer    | Entered a sewer
  3507 | Sewer    | Reached * piety under Qazlal
  3626 | Sewer    | Reached ** piety under Qazlal
  3701 | Sewer    | Reached skill level 5 in Fighting
  4019 | D:5      | Reached XP level 8. HP: 69/69 MP: 7/7
  4041 | D:5      | Found a radiant altar of Vehumet.
  4100 | D:5      | Reached skill level 6 in Fighting
  4499 | D:6      | Reached skill level 5 in Throwing
  4505 | D:6      | Reached skill level 10 in Polearms
  4577 | D:6      | Reached *** piety under Qazlal
  4927 | D:6      | Reached skill level 7 in Fighting
  4927 | D:6      | Reached XP level 9. HP: 79/79 MP: 8/8
  5562 | D:7      | Found Utaidgh's Armour Shop.
  5591 | D:7      | Found Muthac's Jewellery Emporium.
  5600 | D:7      | Bought a +6 ring of strength for 396 gold pieces
  5894 | D:7      | Found an ornate altar of the Wu Jian Council.
  5994 | D:8      | Found a large runed translucent door.
  5994 | D:8      | Found a large runed translucent door.
  6021 | D:8      | Noticed M4edhros's ghost (novice OpAr)
  6254 | D:8      | Reached **** piety under Qazlal
  6904 | D:8      | Reached skill level 1 in Invocations
  6930 | D:9      | Reached XP level 10. HP: 82/86 MP: 8/10
  7004 | D:9      | Found Bahuschi's Armour Emporium.
  7155 | D:9      | Identified the ring "Inus" {Ice Str+3}
  7229 | D:9      | Found a staircase to the Orcish Mines.
  7384 | D:9      | Found a staircase to the Lair.
  7393 | D:9      | Reached skill level 8 in Fighting
  7473 | D:10     | Entered Level 10 of the Dungeon
  7502 | D:10     | Noticed a two-headed ogre
  7518 | D:10     | Reached skill level 5 in Armour
  7623 | D:10     | Killed a two-headed ogre
  7624 | D:10     | Reached skill level 9 in Fighting
  7674 | D:10     | Identified the +1 leather armour "Jozoliergh" {rC++ Regen+
                  | rCorr Dex-5}
  7687 | D:10     | Reached skill level 5 in Invocations
  7752 | D:10     | Found Arriusk Egru's Antique Armour Shoppe.
  7968 | D:10     | Noticed a gargoyle
  7977 | D:10     | Killed a gargoyle
  7978 | D:10     | Reached skill level 10 in Fighting
  7985 | D:10     | Noticed a soul eater
  7988 | D:10     | Noticed an orange demon
  7989 | D:10     | Reached ***** piety under Qazlal
  7990 | D:10     | Reached XP level 11. HP: 89/100 MP: 14/14
  8008 | D:10     | Identified a scroll of acquirement
  8251 | D:9      | Acquired 1253 gold pieces
  8257 | Orc:1    | Entered Level 1 of the Orcish Mines
  8260 | Orc:1    | Noticed an orc sorcerer
  8266 | D:9      | Paralysed by an orc sorcerer for 3 turns
  8274 | D:9      | Killed an orc sorcerer
  8343 | Orc:1    | Noticed an orc warlord
  8366 | D:9      | Killed an orc warlord
  8373 | Orc:1    | Noticed an orc sorcerer
  8393 | Orc:1    | Noticed an orc knight
  8399 | D:9      | Killed an orc sorcerer
  8400 | D:9      | Reached skill level 11 in Fighting
  8475 | D:9      | Killed an orc knight
  8479 | Orc:1    | Noticed an orc sorcerer
  8494 | Orc:1    | Paralysed by an orc sorcerer for 5 turns
  8504 | D:9      | Killed an orc sorcerer
  8637 | Orc:2    | Entered Level 2 of the Orcish Mines
  8695 | Lair:1   | Entered Level 1 of the Lair of Beasts
  8710 | Lair:1   | Reached skill level 12 in Fighting
  9262 | Lair:1   | Reached skill level 13 in Fighting
  9485 | Lair:2   | Reached XP level 12. HP: 115/115 MP: 16/18
  9549 | Lair:2   | Found a hole to the Spider Nest.
  9748 | Lair:2   | Reached skill level 10 in Invocations
 10148 | Lair:2   | Found a staircase to the Shoals.
 10490 | Lair:2   | Reached skill level 1 in Evocations
 10679 | Lair:3   | Reached skill level 14 in Fighting
 11589 | Lair:4   | Noticed a death yak
 11595 | Lair:4   | Noticed a death yak
 11596 | Lair:4   | Noticed a death yak
 11632 | Lair:4   | Noticed a death yak
 11632 | Lair:4   | Noticed a death yak
 11632 | Lair:4   | Noticed a death yak
 11731 | Lair:4   | Reached skill level 15 in Polearms
 11752 | Lair:5   | Entered Level 5 of the Lair of Beasts
 11752 | Lair:5   | Noticed Josephine
 11874 | Lair:4   | Reached XP level 13. HP: 124/124 MP: 20/20
 12286 | Lair:4   | Killed Josephine
 12612 | Lair:4   | Reached skill level 5 in Evocations
 12790 | Lair:4   | Found a viscous altar of Jiyva.
 13083 | Lair:5   | Reached ****** piety under Qazlal
 13506 | D:11     | Found a white marble altar of Elyvilon.
 14016 | D:12     | Noticed Kirke
 14190 | D:12     | Noticed Snorg
 14198 | D:12     | Killed Snorg
 14664 | D:10     | Bought fire dragon scales for 1980 gold pieces
 14995 | Lair:5   | Reached XP level 14. HP: 132/132 MP: 23/23
 15082 | Lair:5   | Found the +15 Maxwell's patent armour {-Cast -Tele rElec
                  | Will+ rCorr}
 15620 | Lair:5   | Reached skill level 10 in Armour
 15887 | Lair:5   | Identified the +0 ring mail "Vutessuopp" {rElec rC++ Str+3
                  | Dex-4}
 16848 | Orc:2    | Noticed Donald
 17531 | D:12     | Noticed a sphinx
 17538 | D:11     | Killed Kirke
 17673 | D:12     | Identified the +2 short sword of Ashenzari's Reproof
                  | {venom, Will++ Str+3 Int-4 Dex+2}
 17836 | D:12     | Noticed a shadow dragon
 17838 | D:12     | Noticed voshxx's ghost (journeyman GrEE)
 17844 | D:12     | Found a runed translucent gate.
 17844 | D:12     | Found a runed translucent gate.
 17844 | D:12     | Found a runed translucent gate.
 17971 | D:12     | Reached XP level 15. HP: 139/139 MP: 24/24
 18275 | D:12     | Killed voshxx's ghost
 18434 | D:13     | Reached skill level 15 in Fighting
 18712 | D:13     | Identified the +0 ring mail "Daun" {Str+4 Dex+2}
 19116 | D:14     | Reached skill level 16 in Fighting
 19207 | D:14     | Found a large runed translucent door.
 19208 | D:14     | Noticed xsansara's ghost (journeyman DrCj)
 19211 | D:14     | Found a large runed translucent door.
 19379 | D:14     | Killed xsansara's ghost
 19651 | D:14     | Reached skill level 17 in Fighting
 19671 | D:14     | Found a gate to the Vaults.
 19732 | D:15     | Entered Level 15 of the Dungeon
 20058 | D:15     | Found a staircase to the Depths.
 20352 | D:15     | Found a runed translucent gate.
 20352 | D:15     | Found a runed translucent gate.
 20352 | D:15     | Found a runed translucent gate.
 20439 | D:15     | Found the +10 dark maul {heavy}
 20456 | D:15     | Found a stormy altar of Qazlal.
 20539 | D:15     | Noticed Nuhaok's ghost (adept VSBr)
 20714 | D:15     | Killed Nuhaok's ghost
 20955 | D:15     | Got the ring "Aquol" {Fire Drain rElec rN+ Int+5}
 20974 | D:15     | Acquired the amulet "Agrujos" {Faith Will+}
 21172 | Spider:1 | Entered Level 1 of the Spider Nest
 21183 | Spider:1 | Noticed an emperor scorpion
 21221 | Lair:2   | Killed an emperor scorpion
 21222 | Lair:2   | Reached XP level 16. HP: 80/157 MP: 18/25
 21659 | Spider:1 | Reached skill level 18 in Fighting
 21847 | Spider:1 | Reached skill level 15 in Invocations
 22603 | Spider:2 | Noticed Aizul
 22626 | Spider:2 | Killed Aizul
 22786 | Spider:2 | Identified the +4 kite shield of the Poles {-Tele Rampage
                  | rPois Int+5}
 24479 | Spider:3 | Reached skill level 19 in Fighting
 25017 | Spider:4 | Entered Level 4 of the Spider Nest
 25269 | Spider:4 | Reached XP level 17. HP: 165/165 MP: 28/28
 26469 | Spider:4 | Reached skill level 10 in Evocations
 26501 | Spider:4 | Reached skill level 20 in Fighting
 26882 | Spider:4 | Got a gossamer rune of Zot
 27223 | Shoals:1 | Entered Level 1 of the Shoals
 28775 | Shoals:2 | Noticed Polyphemus
 28782 | Shoals:2 | Killed Polyphemus
 29220 | Shoals:2 | Reached skill level 21 in Fighting
 30068 | Shoals:3 | Reached XP level 18. HP: 135/182 MP: 29/29
 30612 | Shoals:3 | Found Ibbigat's Magic Scroll Emporium.
 30615 | Shoals:3 | Bought a scroll of blinking for 97 gold pieces
 30615 | Shoals:3 | Bought a scroll of fog for 52 gold pieces
 30615 | Shoals:3 | Bought a scroll of blinking for 97 gold pieces
 30751 | Shoals:4 | Entered Level 4 of the Shoals
 31716 | Shoals:4 | Reached skill level 22 in Fighting
 31940 | Shoals:4 | Identified the +1 helmet of the Endless Expanse {Harm rElec
                  | rF- Regen+}
 32485 | Shoals:4 | Got the Vademecum on Changing Wicked Mysteries
 32638 | Shoals:4 | Got a barnacled rune of Zot
 32966 | Shoals:4 | Identified the +8 broad axe of a Thousand Planets {spect,
                  | +Blink rPois rCorr Str-2}
 33166 | Orc:2    | Killed Donald
 33322 | Orc:2    | Found Zezximmin's Jewellery Boutique.
 33322 | Orc:2    | Found Fotoan's Armour Emporium.
 33325 | Orc:2    | Found Ylujiuxi's Weapon Shoppe.
 33325 | Orc:2    | Found Ofah's Armour Boutique.
 33563 | Orc:2    | Found a staircase to the Elven Halls.
 34181 | Elf:1    | Entered Level 1 of the Elven Halls
 34200 | Elf:1    | Reached skill level 1 in Dodging
 34416 | Elf:1    | Found Qexi's Book Shop.
 36068 | Elf:2    | Found a runed translucent gate.
 36069 | Elf:2    | Found a runed translucent gate.
 36085 | Elf:2    | Found a runed translucent gate.
 36100 | Elf:2    | Reached XP level 19. HP: 184/186 MP: 31/31
 36168 | Elf:2    | Reached skill level 23 in Fighting
 36790 | Elf:2    | Reached skill level 5 in Dodging
 37607 | Elf:3    | Entered Level 3 of the Elven Halls
 38407 | Elf:3    | HP: 9/195 [deep elf annihilator/staff of cold (11)]
 40024 | Elf:3    | Identified the +8 quarterstaff of the Heavens {vamp, rF+
                  | Dex+4}
 40024 | Elf:3    | Identified the ring of the Final Decision {rF+ Dex+3}
 40210 | Elf:3    | Acquired the +3 pair of gloves of Lifelessness {rElec rCorr
                  | Int+2}
 40294 | Elf:3    | Found the +2 Maxwell's thermic engine {flame, freeze}
 40610 | Depths:1 | Entered Level 1 of the Depths
 41073 | Depths:1 | Reached skill level 24 in Fighting
 41124 | Depths:1 | Found a gateway to Hell.
 41153 | Depths:1 | Found an ancient bone altar of Kikubaaqudgha.
 41206 | Depths:1 | Found a hide-covered altar of Uskayaw.
 41241 | Depths:1 | Reached XP level 20. HP: 200/200 MP: 33/33
 41243 | Depths:1 | Found Weahiguur's Jewellery Boutique.
 41243 | Depths:1 | Found Doala's Book Emporium.
 41244 | Depths:1 | Found Milunguxuc's Jewellery Boutique.
 41256 | Depths:1 | Bought a manual of Dodging for 1040 gold pieces
 42575 | Depths:2 | Reached skill level 10 in Dodging
 43842 | Depths:2 | Found a one-way gateway to a ziggurat.
 44518 | Depths:2 | Found a one-way gate leading to the halls of Pandemonium.
 45825 | Depths:3 | Noticed a golden dragon
 45879 | Depths:3 | Killed a golden dragon
 46271 | Depths:3 | Found a one-way gate to the infinite horrors of the Abyss.
 46272 | Depths:3 | Found a corrupted altar of Lugonu.
 46350 | Depths:3 | Reached skill level 25 in Fighting
 46524 | Depths:3 | Reached XP level 21. HP: 159/217 MP: 34/34
 46670 | Depths:3 | Noticed a golden dragon
 46675 | Depths:3 | Killed a golden dragon
 47197 | Depths:4 | Entered Level 4 of the Depths
 47430 | Depths:4 | Found a portal to a secret trove of treasure.
 47801 | Depths:4 | Noticed a shard shrike
 47807 | Depths:4 | Killed a shard shrike
 47991 | Depths:4 | Noticed a shard shrike
 48002 | Depths:4 | Killed a shard shrike
 48071 | Depths:4 | Got the Excursus on the Non-Euclidean Oath
 48080 | Depths:4 | Noticed a shard shrike
 48083 | Depths:4 | Killed a shard shrike
 48693 | Depths:4 | Found a gate to the Realm of Zot.
 48993 | Depths:4 | Reached skill level 26 in Fighting
 49121 | Depths:4 | Noticed Grunn
 49130 | Depths:4 | HP: 5/185 [Grunn/+5 glaive of draining (26)]
 49130 | Depths:4 | Slain by Grunn

Illustrated notes

Levels and vault maps discovered:
D:1:      ncdulo_smallfort, layout_basic, nicolae_eternal_life,
          dk_noncrumbling_3, minmay_pentomino_t4
D:2:      layout_loops_ring
D:3:      layout_loops_ring, minmay_gold_behind_fungi, eino_curves_01,
          uniq_sigmund
D:4:      layout_basic, minmay_temple_entry_water_ring, kennysheep_path_1
D:5:      layout_basic, mainiacjoe_overflow_catwalk,
          cheibrodos_sewer_entry_drain, nicolae_ossuary_entry_monument
D:6:      layout_loops_cross
D:7:      layout_basic, pdpol_wu_jian_five_deadly_venoms, serial_shops, shop,
          minmay_shop_enchanted_jewellery, serial_park_tiny_1
D:8:      layout_loops_cross, ebering_ghost_disaster_area
D:9:      layout_cave_pools, david_lair_shrubbed, david_orc_2, serial_shops,
          shop_fountains
D:10:     layout_long_grid, serial_shops, shop, lightli_fourway_metalbox
D:11:     layout_small_grid, minmay_variable_closet, elyvilon_altar_4
D:12:     layout_loops_ring, gauntlet_entry_generic, gammafunk_ghost_split,
          uniq_snorg, uniq_kirke
D:13:     minmay_distorted_concentric_squares, layout_cave_pools
D:14:     layout_cave_pools, ximxim_vaults_locker_room,
          ebering_ghost_disaster_area, serial_bayou_pond_b
D:15:     hangedman_depths_entry_civil_slaughter, layout_irregular_city,
          nicolae_qazlal_general_emergency, gammafunk_ghost_icy
Temple:   nicolae_temple_bog_church
Lair:1:   layout_gridlike
Lair:2:   layout_regular_city, minmay_shoals_entry_hut,
          nicolae_spider_entry_lesser_pyramids, serial_bayou_shore_a
Lair:3:   layout_loops_ring
Lair:4:   layout_hall_layers, minmay_slime_entry_oklob_enclosed, serial_forest,
          infiniplex_forest_diagonal, infiniplex_forest_lined_2,
          infiniplex_forest_straight_4, infiniplex_forest_clump_small,
          infiniplex_forest_straight_2, infiniplex_forest_clump_long,
          grunt_megastairs_4
Lair:5:   evilmike_catoblepas_cave, layout_hall_layers, grunt_megastairs_5,
          uniq_josephine
Shoals:1: layout_shoals, nicolae_shoals_secluded_bog
Shoals:2: layout_shoals, uniq_polyphemus
Shoals:3: layout_shoals, serial_shops, nicolae_shop_behind_doors
Shoals:4: shoals_end_grunt_garden, layout_shoals, nicolae_shoals_land_atoll
Spider:1: layout_spider_delve
Spider:2: layout_chambers, uniq_aizul
Spider:3: layout_spider_delve
Spider:4: spider_rune_water, nicolae_spider_world_wide_web
Orc:1:    layout_diamond_mine
Orc:2:    st_orc_ogre_mass, layout_caves, basic_altar, uniq_donald
Elf:1:    eino_elf_arrival_shootout, layout_onion_city, serial_shops,
          nicolae_shop_competitors_out_of_business,
          kennysheep_underground_church, st_stairs_11, due_unseen_surprise
Elf:2:    elven_hall_of_blades_hangedman_original [mumra_blade_entry_bloodbath],
          layout_loops_ring, corexii_leaking_fountain, st_stairs_4
Elf:3:    minmay_elf_hall_furrowed, layout_onion_city, serial_sigils,
          serial_sigils_hangedman_scratch, serial_sigils_hangedman_scar,
          serial_sigils_hangedman_confine, serial_sigils_hangedman_gnaw,
          serial_sigils_hangedman_snap, minmay_fountain_box,
          nicolae_elf_variegated_diamond
Depths:1: layout_gridlike, nicolae_uskayaw_dance_hall, hangedman_coc_ice_floe,
          nicolae_kikubaaqudgha_miasma_corner, minmay_shop_grove
Depths:2: hangedman_elemental_death_ray, layout_cave_shapes, enter_ziggurat_d,
          hangedman_decor_push, grunt_hell_entry_dis_mu, rand_demon_pan_entry_9
Depths:3: nzn_winding_woodlands_medium [nzn_winding_woodlands_5x5_open_star,
          nzn_winding_woodlands_5x15_sawtooth, nzn_winding_woodlands_5x5_three,
          nzn_winding_woodlands_5x5_perimeter,
          nzn_winding_woodlands_center_triple_pond,
          nzn_winding_woodlands_5x5_default,
          nzn_winding_woodlands_5x5_closed_star,
          nzn_winding_woodlands_5x15_parted,
          nzn_winding_woodlands_5x5_checkerboard], layout_cave_shapes,
          grunt_hell_horde, kennysheep_cluttered_room, abyss_entry_flame_altar,
          grunt_ministairs_10, serial_bayou_shore_b,
          minmay_staircase_windowed_small
Depths:4: evilmike_zot_entry_round, layout_gridlike, abandoned_shop,
          pf_dread_powers_of_hell, enter_trove_3,
          dilly_guarded_unrand_elemental_staff, uniq_grunn

Skill      XL: |  1  2  3  4  5  6  7  8  9 10 11 12 13 14 15 16 17 18 19 20 21 |
---------------+----------------------------------------------------------------+-----
Polearms       | 3 4 5 6 7 9 10 14 15 16 19 20 | 20.0
Throwing       | 1 2 3 4 5 6 |  6.0
Fighting       | 4 5 7 10 13 14 17 19 21 22 24 25 26 | 26.0
Invocations    | 1 6 9 11 14 16 17 19 20 21 | 21.8
Armour         | 6 10 12 13 14 | 14.5
Evocations     | 3 5 6 9 10 | 10.0
Dodging        | 3 8 13 14 | 14.0
Shields        | |  3.6

Action                     |  1- 3 |  4- 6 |  7- 9 | 10-12 | 13-15 | 16-18 | 19-21 || total
---------------------------+-------+-------+-------+-------+-------+-------+-------++-------
  Melee: Trident           |    93 |    95 |   391 |   589 |   347 |  1066 |       ||  2581
         Headbutt          |     6 |     9 |    38 |   121 |   221 |   298 |   195 ||   888
         Glaive            |       |       |       |       |   598 |   550 |   939 ||  2087
         Unarmed           |       |       |       |       |    19 |       |       ||    19
         Punch             |       |       |       |       |       |    14 |       ||    14
  Throw: Dart              |       |       |       |     8 |     1 |       |       ||     9
 Invoke: Upheaval          |       |       |       |       |     4 |     4 |     5 ||    13
         Disaster Area     |       |       |       |       |     2 |     1 |     4 ||     7
         Elemental Force   |       |       |       |       |     1 |     9 |     4 ||    14
    Use: Potion            |       |     1 |     1 |     1 |     2 |     5 |     7 ||    17
         Scroll            |       |       |    10 |     6 |    25 |    11 |     4 ||    56
   Stab: Petrified         |       |       |       |       |     2 |       |       ||     2
         Petrifying        |       |       |       |       |     1 |       |       ||     1
         Invisible         |       |       |       |       |       |     2 |       ||     2
         Paralysed         |       |       |       |       |       |     2 |     2 ||     4
         Distracted        |       |       |       |       |       |       |     2 ||     2
 Armour: Scale mail        |    17 |    14 |    56 |     6 |       |       |       ||    93
         Skin              |       |       |     2 |       |       |       |       ||     2
         Plate armour      |       |       |       |    80 |   343 |   909 |   553 ||  1885
         Fire dragon scale |       |       |       |       |    10 |       |       ||    10
  Dodge: Dodged            |    23 |    27 |   153 |   133 |   327 |   869 |   358 ||  1890
         Repelled          |       |       |       |     1 |     8 |    18 |    17 ||    44
  Block: Buckler           |     7 |    20 |   193 |   331 |   186 |       |       ||   737
         Reflection        |       |       |     9 |    11 |    27 |       |       ||    47
         Other             |       |       |       |       |   319 |   568 |   252 ||  1139

Table legend: (Time is in decaauts)
 A = Elapsed time spent in this place.
 B = Non-inter-level travel time spent in this place.
 C = Inter-level travel time spent in this place.
 D = Time resting spent in this place.
 E = Time spent auto-exploring this place.
 F = Levels seen in this place.
 G = Mean time per level.
                   A        B        C        D        E       F      G
               +--------+--------+--------+--------+--------+-----+--------+
         Total |  48668 |  45498 |   3170 |      0 |  36342 |  39 | 1247.9 |
       Dungeon |  13730 |  12446 |   1284 |      0 |  10001 |  15 |  915.3 |
        Temple |    237 |    237 |      0 |      0 |    153 |   1 |  237.0 |
          Lair |   6402 |   5577 |    825 |      0 |   4172 |   5 | 1280.4 |
        Shoals |   6111 |   5949 |    162 |      0 |   4864 |   4 | 1527.8 |
   Spider Nest |   5280 |   5053 |    227 |      0 |   3844 |   4 | 1320.0 |
  Orcish Mines |   1936 |   1691 |    245 |      0 |   1368 |   2 |  968.0 |
   Elven Halls |   6234 |   6026 |    208 |      0 |   4942 |   3 | 2078.0 |
        Depths |   8308 |   8092 |    216 |      0 |   6742 |   4 | 2077.0 |
         Sewer |    424 |    424 |      0 |      0 |    252 |   1 |  424.0 |
               +--------+--------+--------+--------+--------+-----+--------+

Top non-repeatable levels by time:
   Elf:2: 2644 daAuts
Depths:1: 2313 daAuts
Depths:2: 2270 daAuts
Spider:2: 2118 daAuts
Shoals:3: 2101 daAuts
   Elf:1: 2084 daAuts
Depths:4: 1934 daAuts
  Lair:2: 1800 daAuts
Depths:3: 1791 daAuts
Spider:4: 1737 daAuts
    D:15: 1524 daAuts
Shoals:2: 1507 daAuts
   Elf:3: 1505 daAuts
Shoals:1: 1435 daAuts
     D:9: 1404 daAuts
